Map: [ESL] Dragon Scales

Players

SortOf

  • Race: Zerg Zerg
  • Spawn Location: 11:00

Lambo - Winner!

  • Race: Zerg Zerg
  • Spawn Location: 5:00

Event: ESL SC2 Masters 2023 Summer (Finals)

VOD

Have the link to the VOD?

Description

Time

  • Played on: June 16, 2023, 4:40 a.m.
  • Length: 6:16

All games in this series

Show
View Real Time Build Order
Export as new Build Order

SortOf Zerg 

Build Orders: Hatch First 

Get SALT Encoding   

  12  0:00  Drone  
  13  0:12  Overlord  
  13  0:16  Drone  
  14  0:30  Drone x2  
  16  0:47  Hatchery  
  15  0:52  Drone  
  15  0:55  Drone  
  17  0:58  Drone  
  18  1:11  Extractor  
  17  1:13  Spawning Pool  
  17  1:16  Drone  
  17  1:20  Drone  
  18  1:27  Drone  
  19  1:38  Drone  
  20  1:49  Drone  
  21  1:59  Queen  
  21  2:00  Queen  
  21  2:01  Overlord  
  25  2:02  Zergling x2  
  26  2:11  Drone x2, Metabolic Boost  
  28  2:25  Drone x2  
  30  2:33  Hatchery  
  29  2:40  Drone  
  29  2:44  Drone  
  31  2:45  Drone  
  31  2:46  Baneling Nest  
  31  2:50  Overlord  
  31  2:53  Zergling x2  
  31  2:56  Drone  
  33  3:07  Overlord  
  33  3:08  Drone  
  33  3:12  Drone x4  
  38  3:13  Zergling x2  
  39  3:21  Zergling x2  
  39  3:22  Zergling x4  
  39  3:25  Queen  
  42  3:29  Zergling x2  
  42  3:30  Zergling x2  
  42  3:31  Baneling  
  44  3:40  Zergling x2  
  44  3:41  Zergling x2  
  48  3:48  Zergling x6  
  48  3:54  Zergling x4  
  47  3:57  Hatchery  
  47  4:02  Zergling x8  
  51  4:06  Baneling  
  49  4:11  Extractor  
  49  4:13  Drone  
  49  4:14  Drone, Roach Warren  
  49  4:20  Hatchery, Roach Warren  
  47  4:24  Drone x2  
  47  4:26  Baneling  
  49  4:40  Drone x3  
  49  4:41  Drone  
  51  4:46  Lair  
  51  4:48  Overlord  
  51  4:51  Overlord  
  51  4:52  Extractor  
  50  5:03  Overlord  
  50  5:04  Evolution Chamber  
  50  5:05  Drone x3  
  52  5:07  Baneling  
  52  5:11  Drone x2  
  52  5:13  Drone x2  
  54  5:31  Drone x7  
  57  5:39  Roach  
  59  5:43  Roach x2  
  59  5:45  Drone x4  
  66  5:51  Roach  
  66  5:54  Roach  
Show
View Real Time Build Order
Export as new Build Order

Lambo Zerg - Winner!

Build Orders: Hatch First 

Get SALT Encoding   

  12  0:00  Drone  
  13  0:12  Overlord  
  13  0:16  Drone  
  14  0:30  Drone x2  
  16  0:47  Hatchery  
  15  0:50  Drone  
  15  0:54  Drone  
  17  0:57  Drone  
  18  1:04  Extractor  
  17  1:12  Spawning Pool  
  17  1:15  Drone  
  17  1:18  Drone  
  18  1:27  Drone  
  19  1:38  Drone  
  20  1:48  Drone  
  21  1:59  Queen x2, Zergling x2  
  21  2:00  Overlord  
  26  2:06  Metabolic Boost  
  26  2:10  Drone  
  26  2:11  Drone  
  28  2:20  Drone  
  28  2:22  Zergling x2  
  30  2:31  Drone x2  
  32  2:41  Hatchery  
  32  2:43  Overlord  
  31  2:45  Zergling x2  
  32  2:53  Zergling x4  
  34  3:05  Zergling x2  
  34  3:06  Zergling x2  
  34  3:08  Zergling x8  
  34  3:11  Overlord  
  40  3:15  Zergling x2  
  40  3:23  Queen  
  40  3:24  Zergling x2  
  40  3:25  Drone  
  44  3:31  Drone x2, Baneling Nest  
  45  3:38  Drone x2  
  46  3:41  Drone x4  
  46  3:44  Drone x2  
  51  3:51  Zergling x2  
  51  3:55  Zergling x4  
  48  4:02  Extractor, Zergling x2  
  48  4:06  Drone x2  
  50  4:13  Roach Warren  
  50  4:16  Drone x3, Baneling x2  
  52  4:19  Extractor  
  52  4:23  Drone x2  
  53  4:25  Drone x4  
  53  4:26  Overlord  
  53  4:28  Overlord  
  56  4:42  Zergling x6  
  58  4:46  Overlord  
  58  4:48  Overlord  
  58  4:49  Zergling x4  
  60  4:53  Overlord x2  
  60  4:55  Baneling  
  60  4:56  Baneling  
  60  4:57  Roach x3  
  65  5:05  Roach x3  
  65  5:06  Baneling  
  71  5:09  Roach x2  
  71  5:14  Overlord  
  75  5:20  Roach x2  
  78  5:26  Roach x4  
  84  5:31  Roach x2  
  87  5:36  Roach x2  
  87  5:39  Zergling x4  
  87  5:42  Zergling x2  
  94  5:45  Zergling x2  
  94  5:46  Zergling x4  
  94  5:47  Zergling x2  
  98  5:51  Zergling x2  
  98  5:53  Baneling x6  
  100  5:57  Zergling x6  
  100  5:59  Baneling x2  
  100  6:00  Drone  
Tags
 
Add a new tag
Caveats
  • Supply blocks, unpowered buildings, or Contaminate may cause inaccurate times.
  • Supply counts are checked every 10 seconds.